 Dungeon Crawl Stone Soup version 0.30.1-1-g62c8e00024 (webtiles) character file.

Game seed: 2417268560697393372

290 cheesebisquit the Slasher (level 6, 0/55 HPs)
             Began as an Armataur Fighter on July 17, 2023.
             Slain by a gnoll
             ... wielding a +0 spear
              (6 damage)
             ... on level 3 of the Dungeon.
             The game lasted 00:05:03 (2650 turns).

cheesebisquit the Slasher (Armataur Fighter)        Turns: 2650, Time: 00:05:04

Health: 0/55       AC:  6    Str: 22    XL:     6   Next: 9%
Magic:  6/6        EV:  7    Int:  8    God:
Gold:   146        SH:  4    Dex: 11    Spells: 5/5 levels left

rFire   . . .        a - +0 long sword
rCold   . . .        c - +0 buckler
rNeg    . . .        b - +0 scale mail
rPois   .            (no helmet)
rElec   .            (no cloak)
rCorr   +            (no gloves)
SInv    .            (no barding)
Will    .....        (no amulet) Stlth
                     n - ring of resist corrosion
HPRegen 0.29/turn    (no ring)
MPRegen 0.10/turn

%: roll
@: mighty
A: large, rugged brown scales 3, deformed body, armoured tail, roll, long
tongue, awkward tongue
a: no special abilities


You were on level 3 of the Dungeon.
You visited 1 branch of the dungeon, and saw 3 of its levels.

You collected 146 gold pieces.

Inventory:

Hand Weapons
 a - a +0 long sword (weapon)
Missiles
 i - 3 boomerangs (quivered)
Armour
 b - a +0 scale mail (worn)
 c - a +0 buckler (worn)
Jewellery
 n - a ring of resist corrosion (left hand)
Scrolls
 e - a scroll of magic mapping {unknown}
 f - 2 scrolls of blinking {unknown}
 g - 5 scrolls of identify {unknown}
 h - 4 scrolls of teleportation {unknown}
 j - a scroll of poison {unknown}
 o - a scroll of acquirement {unknown}
Potions
 d - a potion of might
 k - a potion of invisibility {unknown}
 l - a potion of brilliance {unknown}
 m - a potion of haste {unknown}
 p - a potion of mutation {unknown}
 q - a potion of curing {unknown}


   Skills:
 + Level 4.1 Fighting
 * Level 4.9 Long Blades
 - Level 3.6 Armour
 - Level 3.2 Shields


You had 5 spell levels left.
You didn't know any spells.
Your spell library contained the following spells:

 Spells                   Type           Power      Damage    Failure   Level
 Kiss of Death            Conj/Necr      0%         2d5       80%         1
 Ensorcelled Hibernation  Hex/Ice        0%         N/A       91%         2
 Lesser Beckoning         Tloc           0%         N/A       91%         2
 Passwall                 Tmut/Erth      0%         N/A       91%         2
 Confusing Touch          Hex            0%         N/A       99%         3
 Gell's Gravitas          Tloc           0%         N/A       99%         3
 Swiftness                Air            0%         N/A       99%         3
 Teleport Other           Tloc           0%         N/A       99%         3
 Dispel Undead            Necr           0%         3d6       100%        4


Dungeon Overview and Level Annotations

Branches:
Dungeon (3/15)

Altars:
Cheibriados
Xom
Zin

Annotations:
D:3 2 transporters


Innate Abilities, Weirdness & Mutations

You are completely covered in rugged brown scales. (AC +3, +7% HP)
Armour fits poorly on your strangely shaped body.
You have a long armoured tail.
You roll when moving toward enemies. (Rampage)
Your long tongue fully drains potion bottles. (2x potion effects)
Your tongue gives you trouble enunciating. (1.5x scroll delay)


Message History

You barely miss the gnoll.
The gnoll is lightly wounded.
The gnoll hits you but does no damage. The gnoll barely misses you.
The gnoll hits you but does no damage.
You hit the gnoll.
The gnoll is moderately wounded.
The gnoll barely misses you.
The gnoll hits you from afar with a +0 halberd.
The gnoll barely misses you. You block the gnoll's attack.
The gnoll hits you but does no damage.
The gnoll hits you from afar with a +0 halberd!
You hit the gnoll.
The gnoll is moderately wounded.
You block the gnoll's attack.
The gnoll hits you but does no damage. x2
You hit the gnoll.
The gnoll is heavily wounded.
The gnoll barely misses you.
The gnoll hits you from afar with a +0 halberd.
The gnoll hits you from afar with a +0 spear.
You barely miss the gnoll.
The gnoll is heavily wounded.
The gnoll closely misses you.
The gnoll hits you from afar with a +0 halberd!
The gnoll hits you from afar with a +0 spear.
The gnoll barely misses you.
The gnoll hits you from afar with a +0 spear.
There is an open door here.
Okay, then.
You feel very mighty all of a sudden.
You slurp down every last drop of the potion of might!
The gnoll hits you but does no damage.
You roll towards the gnoll!
You slash the gnoll!
You kill the gnoll!
The gnoll barely misses you.
The gnoll hits you from afar with a +0 spear.
You roll towards the gnoll!
You closely miss the gnoll. The gnoll hits you with a +0 halberd!
* * * LOW HITPOINT WARNING * * *
The gnoll hits you from afar with a +0 spear.
You die...

##)## #. ...# #.... #.# #.##..##
#.### #.# #......# #.# # # ##'##
#..#...# #.# # ### ##...##
#......# #.# # ..# ##.....##
#...#..# #.# ..#
##.......###......# #.###
.†####.........##.....#######....
.....'........gg@................
..####........g###....###########
..# ##.......## #.#.## # #.#
##.....## #.### #.# ##...## #.#
..# ##'## #.# ### ### #.# #.# #..
#g. #.# #.# ...# #.# #.#


You could see 2 gnolls and a goblin.

Vanquished Creatures
  Sigmund (D:2)
  5 gnolls (D:3)
  3 adders
  3 worms
  4 ball pythons
  8 endoplasms
  2 giant cockroaches (D:1)
  8 goblins
  7 hobgoblins
  3 quokkas
  4 bats (D:1)
  4 frilled lizards
  6 kobolds
  A rat (D:3)
59 creatures vanquished.

Notes
Turn   | Place    | Note
-------+----------+-------------------------------------------
     0 | D:1      | cheesebisquit the Armataur Fighter began the quest for the
                  | Orb.
     0 | D:1      | Reached XP level 1. HP: 19/19 MP: 1/1
   154 | D:1      | Reached XP level 2. HP: 25/26 MP: 2/2
   492 | D:1      | Reached XP level 3. HP: 30/33 MP: 3/3
   867 | D:2      | Noticed Sigmund
   875 | D:2      | Killed Sigmund
   876 | D:2      | Reached XP level 4. HP: 20/42 MP: 4/4
   876 | D:2      | Reached XP level 5. HP: 23/49 MP: 5/5
   973 | D:2      | Found a faded altar of an unknown god.
  1906 | D:3      | Found a shimmering altar of Xom.
  1907 | D:3      | Noticed an angel
  1909 | D:3      | Found a glowing silver altar of Zin.
  2291 | D:3      | Found a transporter.
  2316 | D:3      | Reached XP level 6. HP: 29/55 MP: 6/6
  2452 | D:3      | Found a snail-covered altar of Cheibriados.
  2533 | D:3      | Found a transporter.
  2650 | D:3      | Slain by a gnoll

Illustrated notes

Levels and vault maps discovered:
D:1:      psy_arrival_whirlpool, layout_basic, hangedman_decor_growths
D:2:      layout_basic, dreamdust_ecumenical_altar_grove, uniq_sigmund
D:3:      gammafunk_steamed_eel, layout_loops_corners,
          grunt_temple_overflow_order_and_chaos_1, cheibriados_altar_1

Skill      XL: |  1  2  3  4  5 |
---------------+----------------+-----
Long Blades    | 2 4 |  4.9
Fighting       | 3 4 |  4.1
Armour         | |  3.6
Shields        | |  3.2

Action                     |  1- 3 |  4- 6 || total
---------------------------+-------+-------++-------
  Melee: Long sword        |    89 |    91 ||   180
         Tailslap          |    10 |     7 ||    17
  Throw: Boomerang         |     2 |     5 ||     7
    Use: Potion            |       |     1 ||     1
 Armour: Scale mail        |    44 |    43 ||    87
  Dodge: Dodged            |    31 |    31 ||    62
  Block: Buckler           |    15 |    14 ||    29
